 Dungeon Crawl Stone Soup version 0.18.1-5-g4a78601 (webtiles) character file.

157 richardnixon the Chopper (level 5, -1/46 HPs)
             Began as a Deep Dwarf Fighter on May 12, 2016.
             Killed by divine providence
             ... invoked by an orc priest
              (14 damage)
             ... on level 4 of the Dungeon.
             The game lasted 00:04:48 (1806 turns).

richardnixon the Chopper (Deep Dwarf Fighter)       Turns: 1806, Time: 00:04:49

Health: -1/46      AC:  8    Str: 19    XL:     5   Next: 15%
Magic:  5/5        EV:  9    Int:  9    God:
Gold:   135        SH:  0    Dex: 13    Spells: 0 memorised, 4 levels left

rFire  . . .     SeeInvis .     a - +0 war axe
rCold  . . .     Gourm    .     b - +0 scale mail
rNeg   . . .     Faith    .     (no shield)
rPois  .         Spirit   .     l - +0 helmet
rElec  .         Dismiss  .     (no cloak)
rCorr  .         Reflect  .     (no gloves)
SustAt .         Harm     .     (no boots)
MR     .....                    (no amulet)
Stlth  ..........               (no ring)
                                (no ring)

@: non-regenerating, not resistant to hostile enchantments, extremely unstealthy
A: damage resistance, recharge devices, sense surroundings 1, slow regeneration
3
a: Device Recharging


You were on level 4 of the Dungeon.
You were not hungry.

You visited 1 branch of the dungeon, and saw 4 of its levels.

You collected 135 gold pieces.

Inventory:

Hand Weapons
 a - a +0 war axe (weapon)
Armour
 b - a +0 scale mail (worn)
 c - a +0 shield
 l - a +0 helmet (worn)
Jewellery
 x - an uncursed ring of fire
Wands
 e - a wand of heal wounds (3/9)
Scrolls
 g - 2 scrolls of remove curse {unknown}
 h - 3 scrolls of teleportation {unknown}
 j - 2 scrolls of fear {unknown}
 k - a scroll of blinking {unknown}
 n - 2 scrolls of identify {unknown}
 p - a scroll of amnesia {unknown}
 v - a scroll of immolation {unknown}
 w - a scroll of noise {unknown}
Potions
 d - 2 potions of might
 o - a potion of heal wounds {unknown}
 t - a potion of lignification {unknown}
 z - a potion of brilliance {unknown}
 A - a potion of degeneration {unknown}
 B - a potion of mutation {unknown}
Books
 s - a book of Debilitation

   Spells                             Type                      Level
   a - Corona                         Hexes                        1
   b - Slow                           Hexes                        2
   c - Gell's Gravitas                Hexes/Translocation          3
   d - Inner Flame                    Hexes/Fire                   3
   e - Cause Fear                     Hexes                        4
   f - Leda's Liquefaction            Hexes/Earth                  4
Comestibles
 f - 2 bread rations
 i - 3 fruits
 m - 2 slices of pizza
 q - a beef jerky
 u - 2 meat rations


   Skills:
 - Level 2.6 Fighting
 * Level 5.9 Axes
 - Level 3.2 Armour
 - Level 3.2 Shields
 + Level 0.3 Evocations


You had 4 spell levels left.
You didn't know any spells.

Dungeon Overview and Level Annotations

Branches:
Dungeon (4/15)
 Temple: D:4-7

Altars:


Innate Abilities, Weirdness & Mutations

You are resistant to damage.
You can recharge devices by infusing magical energy.
You passively map a small area around you.
You do not regenerate naturally.


Message History

The orc priest closely misses you.
You closely miss the orc priest.
The orc priest is lightly wounded.
The orc priest mumbles some strange prayers to Beogh against you.
Beogh smites you!
* * * LOW HITPOINT WARNING * * *
You completely miss the orc priest.
The orc priest is lightly wounded.
The orc priest casts a cantrip, but nothing happens.
You hit the orc priest but do no damage.
The orc priest is lightly wounded.
The orc priest hits you but does no damage.
You hit the orc priest but do no damage.
The orc priest is lightly wounded.
The orc priest hits you but does no damage.
You hit the orc priest but do no damage.
The orc priest is lightly wounded.
The orc priest invokes the aid of Beogh against you.
Beogh smites you!
You die...

, , #. .....
, , * #. ....
, #.. , #...,
*, * #...
##.. ,, * *
,* #..##..#**
, # *
#......##
,...
*#..).o.#...#
*#@......#
#.#####.# * ,
#.......# ,
###.#.......
##..#########
##..## ,
#<.## ,,
#..## ,
*#.###


You could see an orc priest.

Vanquished Creatures
  Jessica (D:3)
  Robin (D:2)
  A gnoll (D:1)
  3 adders
  A shadow imp (D:3)
  An ooze (D:3)
  A worm (D:3)
  A dart slug (D:3)
  A giant gecko (D:3)
  3 orcs (D:4)
  2 ball pythons
  9 goblins
  8 hobgoblins
  4 jackals (D:2)
  7 kobolds
  4 quokkas
  4 bats
  4 giant newts
  3 rats
59 creatures vanquished.

Notes
Turn   | Place    | Note
--------------------------------------------------------------
     0 | D:1      | richardnixon the Deep Dwarf Fighter began the quest for the Orb.
     0 | D:1      | Reached XP level 1. HP: 20/20 MP: 1/1
   257 | D:1      | Reached skill level 3 in Axes
   258 | D:1      | Reached XP level 2. HP: 21/27 MP: 2/2
   580 | D:2      | Noticed Robin
   585 | D:2      | Reached XP level 3. HP: 15/33 MP: 3/3
   588 | D:2      | Killed Robin
   588 | D:2      | Reached skill level 4 in Axes
  1094 | D:2      | Reached XP level 4. HP: 28/40 MP: 4/4
  1325 | D:3      | Reached skill level 5 in Axes
  1442 | D:3      | Noticed Jessica
  1448 | D:3      | Killed Jessica
  1540 | D:3      | Reached XP level 5. HP: 46/46 MP: 5/5
  1806 | D:4      | Killed from afar by an orc priest

Skill      XL: |  1  2  3  4 |
---------------+-------------+-----
Axes           | 3 4 5 |  5.9
Fighting       | |  2.6
Armour         | |  3.2
Shields        | |  3.2
Evocations     | |  0.3

Action                   |  1- 3 |  4- 6 || total
-------------------------+-------+-------++-------
Melee: War axe           |    88 |   103 ||   191
Evoke: Wand              |     1 |     1 ||     2
  Eat: Chunk             |       |     3 ||     3
Armor: Scale mail        |    41 |    44 ||    85
Dodge: Dodged            |    48 |    62 ||   110
